cohdb
Replays
Latest Replays
All Replays
Popular Replays
Top Player Replays
Match Explorer
How It Works
Community
CoH3 Stats
Reddit
Sign in to upload your games and track your stats! →
Sign in with Steam
Match 20059457
Unlisted
Match 20059457
Overview
Messages
Build Orders
End
Scout Squad
Selects Airborne Battlegroup
Selects Pathfinders
Construct Weapon Support Center
M1919 Machine Gun Team
M1919 Machine Gun Team
Infantry Support Center
M3 Armored Personnel Carrier
Selects Paratrooper Squad Paradrop
Paratrooper Squad Paradrop
Selects Smoke Bombing Run
Paratrooper Squad Paradrop
Construct Medical Station
Munitions Surplus
Engineer Squad
Selects Anti-tank Gun Team Paradrop
Selects Supply Drop
Anti-tank Gun Team Paradrop
Anti-tank Gun Team Paradrop
Construct Tank Depot
M4(105) Sherman Bulldozer
sword_sweeper
meatlump
0
0
Comments
sign in to comment!
No comments posted yet!